 Dungeon Crawl Stone Soup version 0.22.1-2-g9c5b331 (webtiles) character file.

60 Gearfox the Conjurer (level 3, -5/26 HPs)
             Began as a Draconian Conjurer on Dec 11, 2018.
             Slain by Grinder (9 damage)
             ... on level 3 of the Dungeon.
             The game lasted 00:15:21 (2848 turns).

Gearfox the Conjurer (Draconian Conjurer)           Turns: 2848, Time: 00:15:22

Health: -5/26      AC:  5    Str: 10    XL:     3   Next: 82%
Magic:  0/7        EV: 12    Int: 16    God:
Gold:   63         SH:  0    Dex: 11    Spells: 4/7 levels left

rFire    . . .     SeeInvis .   b - +0 hunting sling
rCold    . . .     Gourm    .   (no shield)
rNeg     . . .     Faith    .   (armour unavailable)
rPois    .         Spirit   .   (helmet restricted)
rElec    .         Reflect  .   (no cloak)
rCorr    .         Harm     .   (no gloves)
MR       .....                  (no boots)
Stlth    ++........             (no amulet)
HPRegen  0.08/turn              (no ring)
MPRegen  0.10/turn              (no ring)

@: no status effects
A: unfitting armour, cold-blooded, AC +5
a: no special abilities


You were on level 3 of the Dungeon.
You were not hungry.

You visited 1 branch of the dungeon, and saw 3 of its levels.

You collected 63 gold pieces.

Inventory:

Hand Weapons
 a - a +2 dagger of speed
 b - a +0 hunting sling (weapon)
Missiles
 i - 20 sling bullets
 l - 97 stones (quivered)
Jewellery
 c - a cursed ring of resist corrosion {unknown}
 h - a cursed ring of teleportation {unknown}
 q - a +5 ring of dexterity {unknown}
Scrolls
 g - a scroll of identify {unknown}
 p - a scroll of blinking {unknown}
Potions
 e - a potion of degeneration {unknown}
 f - a potion of agility {unknown}
 j - 2 potions of lignification {unknown}
 k - a potion of haste {unknown}
 m - a potion of resistance {unknown}
 n - a potion of curing {unknown}
 o - 2 potions of heal wounds {unknown}
Comestibles
 d - 2 rations


   Skills:
 - Level 1.7 Dodging
 - Level 1.7 Stealth
 * Level 2.9 Spellcasting
 + Level 4.9 Conjurations


You had 4 spell levels left.
You knew the following spells:

 Your Spells              Type           Power        Failure   Level  Hunger
a - Magic Dart            Conj           ###.         2%          1    #......
b - Searing Ray           Conj           ###...       3%          2    ##.....

Your spell library contained the following spells:

 Spells                   Type           Power        Failure   Level  Hunger
 Dazzling Spray           Conj/Hex       ##....       21%         3    ###....
 Iskenderun's Mystic Bla  Conj           ###.....     24%         4    #####..
 Force Lance              Conj/Tloc      ##......     56%         4    #####..
 Fulminant Prism          Conj/Hex       ##........   56%         4    #####..


Dungeon Overview and Level Annotations

Branches:
Dungeon (3/15)

Altars:

Annotations:
D:3 Grinder


Innate Abilities, Weirdness & Mutations

Your plain brown scales are hard. (AC +5)
You cannot fit into any form of body armour.
You are cold-blooded and may be slowed by cold attacks.


Message History

Confirm with . or Enter, or press ? or * to list all spells.
Aiming: Magic Dart (safe; 2% risk of failure)
Press: ? - help, Shift-Dir - straight line, f/p - Grinder
Aim: Grinder (heavily wounded)
The magic dart hits Grinder.
Grinder is severely wounded.
Grinder closely misses you.
Casting: Magic Dart (safe; 2% risk of failure)
Confirm with . or Enter, or press ? or * to list all spells.
Aiming: Magic Dart (safe; 2% risk of failure)
Press: ? - help, Shift-Dir - straight line, f/p - Grinder
Aim: Grinder (severely wounded)
The magic dart hits Grinder.
Grinder is severely wounded.
Grinder hits you but does no damage.
Casting: Magic Dart (safe; 2% risk of failure)
Confirm with . or Enter, or press ? or * to list all spells.
You don't have enough magic to cast that spell.
Grinder hits you!
You die...

#...#
#.#...%.....
#...#
#.#.........
#...#
#.#........$
#...#
#.#.........
#...#
#...........
#...#
#.#.........
#...#
#.#.....####
###5###.#.#......
#.@...#.#######
#######.# #.# #.#


You could see Grinder.

Vanquished Creatures
  2 adders
  2 dart slugs
  A leopard gecko (D:1)
  4 giant cockroaches
  7 goblins
  2 hobgoblins (D:1)
  3 jackals (D:2)
  4 bats
  3 frilled lizards (D:2)
  6 kobolds
  4 rats
38 creatures vanquished.

Vanquished Creatures (others)
  5 toadstools (D:1)
5 creatures vanquished.

Grand Total: 43 creatures vanquished

Notes
Turn   | Place    | Note
-------+----------+-------------------------------------------
     0 | D:1      | Gearfox the Draconian Conjurer began the quest for the Orb.
     0 | D:1      | Reached XP level 1. HP: 14/14 MP: 3/3
   576 | D:1      | Reached XP level 2. HP: 20/20 MP: 3/5
  1641 | D:2      | Reached XP level 3. HP: 26/26 MP: 3/6
  1686 | D:2      | Learned a level 2 spell: Searing Ray
  2811 | D:3      | Noticed Grinder
  2813 | D:3      | Paralysed by Grinder for 6 turns
  2848 | D:3      | Slain by Grinder

Action                   || total
-------------------------++-------
Melee: Unarmed           ||     6
       Tailslap          ||     1
 Fire: Hunting sling     ||    29
 Cast: Magic Dart        ||    59
       Searing Ray       ||     6
  Use: Scroll            ||     3
  Eat: Chunk             ||     5
       Ration            ||     1
Armor: Skin              ||    10
Dodge: Dodged            ||    18
